AoeStats
← buggsy 23

Pilgrims

510224913Analyzed
2v2 RM · 12h ago on Sep 30, 2026· 63m 58s· 4 players
Game mode
Random Map
Map size
Medium (4 player)
Population
200
Speed
Normal
Resources
Standard
Victory
Conquest
Starting age
Dark Age
Ending age
Imperial Age
RankedLock teamsTeams togetherTeam positionsShared explorationLock speedFull tech treeHidden civsTurbo modeCheats
Victory
Defeat
🇺🇸 Malay · United States
1036
+17
🇺🇸 Vikings · United States
894
+22
🇲🇽 Romans · Mexico
1046
-20
🇺🇸 Portuguese · United States
1035
-19
FreshUCakes
9:34 Loom
11:56 Feudal Age
12:58 Fishing Lines
13:53 Town Watch
13:49 Man-at-Arms
17:56 Castle Age
16:18 Arson
17:20 Long Swordsman
18:02 Squires
18:22 Forging
19:50 Horse Collar
21:32 Town Patrol
21:44 Double-Bit Axe
24:05 Iron Casting
24:43 Wheelbarrow
24:59 Bow Saw
27:36 Heavy Plow
28:18 Scale Barding Armor
30:13 Hand Cart
31:19 Thalassocracy
31:28 Husbandry
32:38 Treadmill Crane
32:59 Fletching
34:04 Bodkin Arrow
35:49 Ballistics
35:40 Masonry
35:29 Gillnets
39:01 Imperial Age
40:26 Bracer
41:27 Blast Furnace
41:57 Conscription
42:53 Murder Holes
43:20 Two-Handed Swordsman
46:28 Chemistry
45:46 Siege Engineers
47:18 Forced Levy
50:24 Elite Battle Elephant
62:11 Crop Rotation
buggsy 23
12:55 Feudal Age
13:54 Fishing Lines
14:18 Double-Bit Axe
14:14 Man-at-Arms
14:43 Arson
16:17 Gold Mining
17:24 Fletching
20:44 Castle Age
20:20 Scale Mail Armor
20:28 Horse Collar
22:03 Long Swordsman
22:44 Squires
23:02 Chain Mail Armor
23:22 Gillnets
25:14 Forging
25:39 Pikeman
28:06 Iron Casting
33:14 Heavy Plow
40:25 Imperial Age
39:14 Scale Barding Armor
39:10 Bodkin Arrow
40:52 Light Cavalry
44:44 Chain Barding Armor
45:29 Blast Furnace
52:06 Chain Barding Armor
51:40 Cavalier
63:16 Elite Longship
HDSON.Stilson16
5:45 Loom
12:18 Feudal Age
21:21 Castle Age
20:20 Fishing Lines
20:51 Stone Mining
21:31 Fletching
22:39 Bloodlines
22:29 Husbandry
24:13 Husbandry
25:30 Bloodlines
25:31 Scale Barding Armor
25:38 Forging
37:17 Pikeman
37:43 Gambesons
38:15 Circumnavigation
47:20 Imperial Age
45:47 Crossbowman
49:26 Conscription
HDSON.menoncab
4:37 Loom
10:23 Feudal Age
12:45 Double-Bit Axe
17:42 Castle Age
17:38 Man-at-Arms
19:22 Squires
18:45 Long Swordsman
19:27 Scale Mail Armor
19:17 Fletching
19:48 Bow Saw
19:22 Fishing Lines
20:32 Gold Mining
25:25 Wheelbarrow
26:52 Town Watch
27:44 Forging
30:20 Gold Shaft Mining
30:08 Gillnets
30:56 Chain Mail Armor
35:58 Imperial Age
35:06 Pikeman
36:31 Ballistas
37:12 Legionary
39:58 Iron Casting
47:31 Halberdier
50:11 Murder Holes
52:35 Horse Collar
58:22 Blast Furnace
58:55 Bodkin Arrow
Connection lost

Rejoining the realm…

Still unreachable

The connection could not be restored.

Session expired

The server has moved on; the page needs a fresh start.